 Dungeon Crawl Stone Soup version 0.17.0-1-g61d176b (webtiles) character file.

261027 oplop the Unseen (level 20, -12/109 HPs)
             Began as a Vine Stalker Assassin on Nov 7, 2015.
             Was the Champion of Trog.
             Shot with a bolt by a naga sharpshooter (16 damage)
             ... on level 4 of the Snake Pit.
             The game lasted 02:46:35 (40333 turns).

oplop the Unseen (Vine Stalker Assassin)           Turns: 40333, Time: 02:46:35

Health: -12/109    AC: 10    Str: 16    XL:     20   Next: 36%
Magic:  0/41       EV: 25    Int: 11    God:    Trog [******]
Gold:   3806       SH:  6    Dex: 20    Spells: 0 memorised, 19 levels left

rFire  . . .     SeeInvis .     a - +11 quick blade
rCold  . . .     Clarity  .     l - +3 robe of Clouds {+Fly rElec}
rNeg   + + .     SustAt   .     O - +0 buckler
rPois  .         Gourm    .     (no helmet)
rElec  +         Spirit   +     d - +0 cloak
rCorr  .         Warding  .     o - +1 pair of gloves
rMut   .         Stasis   .     x - +0 pair of boots
MR     +++++                    U - amulet of Osinium {Faith rN++ MR+ Dex-3 Stlth+}
Stlth  ++++++++..               n - ring of magical power
                                W - ring of invisibility

@: lethally poisoned (-12 -> -12), about to teleport, regenerating, almost
entirely resistant to hostile enchantments, extraordinarily stealthy
A: fangs 3, regeneration 3, magic shield, antimagic bite, no device heal 3, rot
immunity
a: Berserk, Trog's Hand, Brothers in Arms, Burn Spellbooks, Renounce Religion,
Evoke Invisibility, Evoke Flight
}: 1/15 runes: barnacled


You were on level 4 of the Snake Pit.
You worshipped Trog.
Trog was exalted by your worship.
You were not hungry.

You visited 6 branches of the dungeon, and saw 38 of its levels.
You visited the Abyss 1 time.
You also visited: Ossuary and Ice Cave.

You collected 4478 gold pieces.
You spent 672 gold pieces at shops.

Inventory:

Hand Weapons
 a - a +11 quick blade (weapon)
 b - a +0 blowgun
Missiles
 e - 15 javelins of returning
 q - 3 throwing nets (quivered)
 t - 7 needles of paralysis
 H - 3 needles of sleeping
Armour
 d - a +0 cloak (worn)
 l - the +3 robe of Clouds (worn) {+Fly rElec}
   (You took it off a deep elf death mage on level 3 of the Elven Halls)

   It insulates you from electricity.
   It lets you fly.
 o - a +1 pair of gloves (worn)
 x - a +0 pair of boots (worn)
 O - a +0 buckler (worn)
Jewellery
 n - a ring of magical power (right hand)
 Q - an uncursed ring of see invisible
 U - the amulet of Osinium (around neck) {Faith rN++ MR+ Dex-3 Stlth+}
   (You found it on level 3 of the Lair of Beasts)

   [amulet of faith]

   It allows you to gain divine favour quickly.
   It affects your dexterity (-3).
   It greatly protects you from negative energy.
   It affects your resistance to hostile enchantments.
   It makes you more stealthy.
 W - a ring of invisibility (left hand)
 Y - an uncursed ring of protection from cold
Wands
 c - a wand of lightning (12)
 h - a wand of disintegration (5)
 i - a wand of fire (6)
 p - a wand of random effects (8)
 B - a wand of teleportation (2)
 D - a wand of hasting (2)
 I - a wand of disintegration (5)
 K - a wand of invisibility (3)
 N - a wand of paralysis (7)
 P - a wand of draining (7)
 R - a wand of confusion (3)
 S - a wand of digging (10)
 T - a wand of fireball (8)
Scrolls
 k - a scroll of magic mapping
 m - 6 scrolls of teleportation
 r - 13 scrolls of identify
 s - 7 scrolls of fear
 y - 7 scrolls of fog
 A - 6 scrolls of recharging
 L - 9 scrolls of remove curse
 V - a scroll of enchant weapon
Potions
 j - 5 potions of flight
 u - 3 potions of resistance
 v - 12 potions of curing
 w - 4 potions of might
 C - 3 potions of magic
 E - 6 potions of agility
 J - 2 potions of invisibility
 M - 3 potions of haste
Miscellaneous
 z - a lamp of fire (inert)
 G - a fan of gales (inert)
 X - a disc of storms
Comestibles
 g - 18 bread rations
 F - 4 chunks of flesh
 Z - 3 meat rations


   Skills:
 - Level 13.4 Fighting
 - Level 10.0 Short Blades
 - Level 11.0 Throwing
 + Level 6.9 Armour
 - Level 13.9 Dodging
 - Level 19.0 Stealth
 - Level 4.2 Shields
 + Level 15.5 Evocations


You had 19 spell levels left.
You didn't know any spells.

Dungeon Overview and Level Annotations

Branches:
Dungeon (15/15)            Temple (0/1) D:6            Lair (8/8) D:11
 Shoals (4/4) Lair:3        Snake (4/4) Lair:3        Slime (0/6) Lair:8
    Orc (4/4) D:12            Elf (3/3) Orc:4        Vaults (0/5) D:13
 Depths (0/5) D:15

Altars:
Cheibriados
Elyvilon
Fedhas
Gozag
Nemelex Xobeh
Sif Muna
Trog
Xom
Beogh

Shops:
D:10 =   D:12 [   Orc:1 =   Orc:4 }!(*   Elf:1 }   Snake:2 }

Portals:
Trove: D:13 (show slimy rune of Zot)

Annotations:
Lair:1 exclusion: oklob plant
Lair:4 exclusion: oklob plant
Shoals:4 Ilsuiw


Innate Abilities, Weirdness & Mutations

You have razor-sharp teeth.
You regenerate.
When hurt, damage is shared between your health and your magic reserves.
Your bite disrupts and absorbs the magic of your enemies.
Potions and wands cannot restore your health.
You are immune to rotting.


Message History

The naga sharpshooter magically shoots an arrow.
The arrow hits you!
* * * LOW HITPOINT WARNING * * *
x2 The naga sharpshooter constricts you.
You puncture the naga sharpshooter!
The naga sharpshooter is lightly wounded.
You block the naga mage's attack.
The naga sharpshooter casts a spell.
The naga sharpshooter magically shoots a bolt.
The bolt hits you!
* * * LOW HITPOINT WARNING * * *
Unknown command.
You escape the naga sharpshooter's grasp.
You feel sick. The naga mage spits poison at you.
The splash of poison misses you.
The naga sharpshooter casts a spell.
The naga sharpshooter magically shoots a bolt.
The bolt hits you!!
You die...

#............#.....####...##
#.
##........N..#....####....#
#.
#..........###..###N[[[.##
#. ##.........#######....).#
##. ##......N..## ##.....##
##.. ##......)NN####......#
##...
##.......§§##§.....####...#
###.(.....(N....#####..###
##.....@.....#####..##
###..§..§.#####...##
##.≈....###....##
#......##§...##
##....)#...### #.....)..##
##......## ##....## ###.##


You could see 2 naga sharpshooters, 2 naga magi and a naga.

Vanquished Creatures
  2 deep elf blademasters (Elf:3)
  2 deep elf master archers (Elf:3)
  Kirke (Lair:6)
  2 greater nagas
  A frost giant (IceCv)
  5 deep elf sorcerers
  Maud (Lair:4)
  Louise (Elf:3)
  A salamander stormcaller (D:15)
  8 deep elf demonologists
  10 deep elf annihilators
  2 merfolk javelineers
  8 merfolk impalers
  3 deep elf high priests
  5 deep elf death magi
  A yaktaur captain (D:13)
  5 ogre magi
  8 hydras
  2 catoblepae
  Harold (Orc:2)
  21 naga warriors
  3 merfolk avatars
  A merfolk aquamancer (Shoals:4)
  16 anacondas
  2 centaur warriors
  A deep troll shaman (Lair:8)
  4 death yaks
  5 shock serpents
  9 naga sharpshooters
  Urug (Lair:2)
  A small abomination (Elf:3)
  Sonja (Lair:2)
  17 deep elf knights
  10 sea snakes
  A salamander mystic (Snake:4)
  5 skeletal warriors (D:14)
  8 naga ritualists
  5 unseen horrors
  20 harpies
  A wizard (D:15)
  15 deep elf summoners
  A necromancer (D:15)
  A lindwurm (Lair:8)
  Pikel (D:4)
  5 hill giants
  2 griffons
  2 orc knights
  20 deep elf conjurers
  2 orc sorcerers
  7 water nymphs
  4 manticores
  17 mana vipers
  5 ugly things (D:15)
  12 salamanders
  A cyclops (shapeshifter) (Elf:2)
  8 fauns
  4 cyclopes
  5 guardian serpents
  41 black mambas
  3 centaur zombies
  Maurice (Orc:2)
  23 elephants
  6 sirens
  13 spiny frogs
  2 torpor snails
  2 fire drakes
  13 naga magi
  7 yaktaurs
  7 komodo dragons
  2 tengu conjurers (D:13)
  18 two-headed ogres
  8 deep elf priests
  15 polar bears
  7 trolls
  21 merfolk
  3 wind drakes
  A slime creature (shapeshifter) (Elf:2)
  A boulder beetle (D:8)
  A harpy skeleton (D:15)
  8 slime creatures
  8 snapping turtles
  A trapdoor spider (D:14)
  21 blink frogs
  A wraith (D:14)
  A shadow (D:12)
  Sigmund (D:4)
  2 spriggans
  8 water elementals
  2 centaur simulacra
  19 deep elf fighters
  90 yaks
  3 wyverns
  34 deep elf magi
  A slave (D:7)
  11 hippogriffs
  2 chaos spawn (Abyss:1)
  2 basilisks
  A mottled dragon (D:13)
  A hungry ghost (D:13)
  29 wolves
  53 nagas
  2 wargs
  9 porcupines
  35 water moccasins
  A swamp drake (Lair:5)
  3 sky beasts
  23 orc warriors
  A phantom (D:7)
  2 black bears
  2 eyes of draining
  A hornet simulacrum (D:15)
  4 ice beasts
  34 ogres
  8 centaurs
  2 big kobolds
  A brain worm (D:15)
  20 crocodiles
  2 elf zombies (Ossuary)
  17 giant frogs
  A wyvern zombie (D:15)
  A water moccasin skeleton (D:5)
  A water moccasin zombie (D:5)
  5 killer bees (D:10)
  A wyvern skeleton (D:9)
  4 scorpions
  8 wights
  An electric eel (D:12)
  5 crimson imps
  2 giant frog skeletons
  21 orc priests
  9 hounds
  The ghost of emiel the Scratcher, a weakling FeSk (D:3)
  7 centaur skeletons
  3 jellies
  26 orc wizards
  Terence (D:2)
  10 worker ants
  7 iguanas
  22 sheep
  A giant frog simulacrum (D:12)
  A big kobold zombie (Ossuary)
  A killer bee zombie (D:5)
  5 ogre zombies (Ossuary)
  A hound zombie (D:5)
  2 hound skeletons
  8 mummies
  A worker ant zombie (D:10)
  17 adders
  52 river rats
  5 shadow imps
  15 white imps
  3 giant eyeballs (Elf:1)
  An ufetubus (D:12)
  An ooze (D:3)
  An adder zombie (Ossuary)
  2 adder skeletons (D:4)
  3 worms
  4 giant geckos
  188 orcs
  A ball python (D:5)
  5 giant cockroaches
  3 goblins
  4 hobgoblins
  4 jackals
  16 kobolds
  4 quokkas
  6 bats
  3 giant gecko skeletons
  4 giant newts
  A goblin zombie (Ossuary)
  5 hobgoblin zombies (Ossuary)
  6 kobold zombies (Ossuary)
  7 quokka zombies
  14 rats
  3 rat zombies (Ossuary)
  2 plants
1510 creatures vanquished.

Vanquished Creatures (collateral kills)
  3 naga sharpshooters (Snake:4)
  A deep elf knight (Elf:3)
  2 naga ritualists
  A merfolk (Shoals:2)
  A water elemental (Shoals:2)
  A naga (Snake:2)
9 creatures vanquished.

Vanquished Creatures (others)
  A naga mage (Snake:4)
  2 naga sharpshooters (Snake:4)
  A deep elf mage (Elf:1)
  2 deep elf fighters
  3 humans (Lair:6)
  A wolf (IceCv)
  A water moccasin (Lair:6)
  A porcupine (Lair:6)
  An orc warrior (D:7)
  A sky beast (D:7)
  A scorpion (D:4)
  An orc wizard (D:4)
  An adder skeleton (D:4)
  An orc (D:4)
  A quokka (D:4)
  20 fungi
  14 plants
  4 tentacles (Shoals:2)
  154 tentacle segments (Shoals:2)
211 creatures vanquished.

Grand Total: 1730 creatures vanquished

Notes
Turn   | Place    | Note
--------------------------------------------------------------
     0 | D:1      | oplop the Vine Stalker Assassin began the quest for the Orb.
     0 | D:1      | Reached XP level 1. HP: 11/11 MP: 2/2
   160 | D:1      | Reached skill level 5 in Stealth
   165 | D:1      | Reached XP level 2. HP: 6/15 MP: 3/3
   732 | D:2      | Noticed Terence
   812 | D:2      | Reached XP level 3. HP: 16/18 MP: 4/4
  1113 | D:2      | Killed Terence
  1113 | D:2      | Reached XP level 4. HP: 21/23 MP: 5/5
  1402 | D:3      | Noticed a moth of wrath
  1435 | D:3      | Noticed emiel's ghost (weakling FeSk)
  1524 | D:3      | Reached skill level 6 in Stealth
  1568 | D:3      | Reached XP level 5. HP: 14/28 MP: 6/6
  1812 | D:3      | Killed emiel's ghost
  1945 | D:3      | Found a bloodstained altar of Trog.
  2003 | D:4      | Noticed Pikel
  2003 | D:4      | Noticed a slave
  2003 | D:4      | Noticed a slave
  2003 | D:4      | Noticed a slave
  2003 | D:4      | Noticed a slave
  2088 | D:4      | Killed Pikel
  2088 | D:4      | Reached skill level 7 in Stealth
  2088 | D:4      | Gained mutation: You heal very quickly. [Vine Stalker growth]
  2088 | D:4      | Reached XP level 6. HP: 18/33 MP: 5/7
  2088 | D:4      | Reached XP level 7. HP: 20/37 MP: 5/8
  2208 | D:4      | Noticed Sigmund
  2352 | D:4      | Killed Sigmund
  2352 | D:4      | Reached skill level 5 in Short Blades
  2352 | D:4      | Reached skill level 8 in Stealth
  2352 | D:4      | Gained mutation: You have razor-sharp teeth. [Vine Stalker growth]
  2352 | D:4      | Reached XP level 8. HP: 38/42 MP: 9/9
  2518 | D:4      | Noticed an ogre
  2527 | D:4      | Killed an ogre
  2600 | D:4      | Reached skill level 5 in Fighting
  2748 | D:4      | Found a deep blue altar of Sif Muna.
  3119 | D:5      | Entered Level 5 of the Dungeon
  3488 | D:5      | Reached skill level 9 in Stealth
  3760 | D:3      | Became a worshipper of Trog the Wrathful
  4112 | D:5      | Found a shimmering altar of Xom.
  4489 | D:6      | Found a sand-covered staircase.
  4491 | D:6      | You fall through a shaft for 2 floors!
  4596 | D:7      | Found a blossoming altar of Fedhas.
  4617 | D:6      | Reached XP level 9. HP: 46/48 MP: 10/10
  4636 | Ossuary  | Entered an ossuary
  4784 | Ossuary  | Reached skill level 10 in Stealth
  5292 | D:6      | Found an opulent altar of Gozag.
  5348 | D:6      | Found a snail-covered altar of Cheibriados.
  5359 | D:6      | Found a staircase to the Ecumenical Temple.
  5464 | D:6      | Reached * piety under Trog
  5621 | D:7      | Found a white marble altar of Elyvilon.
  6088 | D:7      | Killed a freed slave
  6533 | D:8      | Reached XP level 10. HP: 53/53 MP: 11/11
  7314 | D:9      | Reached skill level 11 in Stealth
  7359 | D:9      | Reached XP level 11. HP: 58/58 MP: 12/12
  7694 | D:9      | Reached ** piety under Trog
  7872 | D:9      | Reached skill level 1 in Shields
  8152 | D:10     | Entered Level 10 of the Dungeon
  8152 | D:10     | Noticed a hill giant
  8154 | D:10     | Killed a hill giant
  8163 | D:10     | Found Viumei Veewk's Jewellery Shop.
  8691 | D:10     | Noticed a hill giant
  8699 | D:10     | Killed a hill giant
  8803 | D:11     | Killed an unseen horror
  8859 | D:11     | Found a staircase to the Lair.
  8987 | D:11     | Noticed a hill giant
  8994 | D:11     | Killed a hill giant
  9020 | D:11     | Reached *** piety under Trog
  9173 | D:11     | Identified a +2 rod of clouds (14/14) (You found it on level 8 of the Dungeon)
  9191 | D:11     | Got a brightly glowing chain mail
  9202 | D:11     | Identified the +2 chain mail of the Shining Light {rN+} (You found it on level 11 of the Dungeon)
  9424 | D:11     | Reached skill level 5 in Throwing
  9634 | D:11     | Gained mutation: You regenerate. [Vine Stalker growth]
  9634 | D:11     | Reached XP level 12. HP: 64/64 MP: 13/13
  9643 | D:11     | Reached skill level 1 in Evocations
  9872 | D:12     | Found a staircase to the Orcish Mines.
 10100 | D:12     | Reached **** piety under Trog
 10203 | D:12     | Received a gift from Trog
 10525 | D:12     | Found Geoku's Armour Boutique.
 10861 | Lair:1   | Entered Level 1 of the Lair of Beasts
 11130 | Lair:1   | Found a sparkling altar of Nemelex Xobeh.
 11175 | Lair:1   | Reached ***** piety under Trog
 11693 | Lair:2   | Received a gift from Trog
 11767 | Lair:2   | Noticed a seven-headed hydra
 11810 | Lair:2   | Noticed Sonja
 11843 | Lair:2   | Noticed a four-headed hydra
 11863 | Lair:2   | Killed a four-headed hydra
 11914 | Lair:2   | Noticed Urug
 11919 | Lair:2   | Killed Urug
 11919 | Lair:2   | Reached skill level 5 in Evocations
 11964 | Lair:2   | Received a gift from Trog
 12011 | Lair:2   | Killed a seven-headed hydra
 12020 | Lair:2   | Found a frozen archway.
 12111 | IceCv    | Entered an ice cave
 12196 | IceCv    | Reached XP level 13. HP: 64/70 MP: 18/18
 12358 | IceCv    | Received a gift from Trog
 12806 | IceCv    | Noticed a death yak
 12837 | IceCv    | Killed a death yak
 12869 | IceCv    | Noticed a frost giant
 13009 | IceCv    | Killed a frost giant
 13374 | Lair:2   | Killed Sonja
 14214 | Lair:3   | Found a staircase to the Shoals.
 14219 | Lair:3   | Received a gift from Trog
 14222 | Lair:3   | Got a smoking quarterstaff {god gift}
 14228 | Lair:3   | Identified the +8 quarterstaff of Greed {elec, Str+3 Int+4} (Trog gifted it to you on level 3 of the Lair of Beasts)
 14285 | Lair:3   | Got a clouded pewter amulet
 14286 | Lair:3   | Identified the amulet of Osinium {Faith rN++ MR+ Dex-3 Stlth+} (You found it on level 3 of the Lair of Beasts)
 14540 | Lair:3   | Found a staircase to the Snake Pit.
 14893 | Lair:3   | Reached skill level 10 in Fighting
 15113 | Lair:4   | Reached skill level 10 in Short Blades
 15415 | Lair:4   | Reached skill level 12 in Stealth
 15518 | Lair:4   | Reached XP level 14. HP: 53/77 MP: 21/21
 15650 | Lair:4   | Received a gift from Trog
 15691 | Lair:4   | Noticed Maud
 15771 | Lair:4   | Killed Maud
 17665 | Lair:5   | Received a gift from Trog
 18119 | Lair:5   | Got a brightly glowing scale mail
 18130 | Lair:5   | Identified the +6 scale mail "Poreral" {+Fly rF++ Int-2} (You found it on level 5 of the Lair of Beasts)
 18150 | Lair:6   | Noticed Kirke
 18151 | Lair:6   | Killed Kirke
 18312 | Lair:6   | Found a snail-covered altar of Cheibriados.
 18690 | Lair:6   | Reached skill level 10 in Evocations
 19363 | Lair:7   | Received a gift from Trog
 19426 | Lair:7   | Reached skill level 13 in Stealth
 19841 | Lair:8   | Entered Level 8 of the Lair of Beasts
 19866 | Lair:8   | Found a staircase to the Slime Pits.
 20045 | Lair:8   | Reached skill level 10 in Dodging
 20062 | Lair:8   | Reached XP level 15. HP: 80/80 MP: 23/23
 20269 | Lair:8   | Received a gift from Trog
 20332 | Lair:8   | Reached ****** piety under Trog
 20433 | Lair:8   | Received a gift from Trog
 21058 | Lair:8   | Identified the Volume of the Compass
 21069 | Lair:8   | Received a gift from Trog
 21417 | D:13     | Noticed a yaktaur captain
 21444 | D:13     | Killed a yaktaur captain
 21499 | D:13     | Found a gate to the Vaults.
 21523 | D:13     | Noticed a catoblepas
 21541 | D:13     | Killed a catoblepas
 21804 | D:13     | Found a portal to a secret trove of treasure.
 21934 | D:13     | Reached skill level 14 in Stealth
 22286 | D:14     | Received a gift from Trog
 22520 | D:14     | Cast into the Abyss (skeletal warrior)
 22691 | D:14     | Escaped the Abyss
 22760 | D:15     | Entered Level 15 of the Dungeon
 22911 | D:15     | Reached XP level 16. HP: 68/86 MP: 26/26
 23105 | D:15     | Received a gift from Trog
 23343 | D:15     | Found a staircase to the Depths.
 23672 | D:15     | Received a gift from Trog
 24306 | D:14     | Received a gift from Trog
 24313 | D:14     | Got a crude rapier {god gift}
 24314 | D:14     | Identified the +6 rapier of the Volcano {elec, Dex+2} (Trog gifted it to you on level 14 of the Dungeon)
 24526 | Shoals:1 | Entered Level 1 of the Shoals
 24816 | Shoals:1 | Reached skill level 10 in Throwing
 25808 | Shoals:1 | Received a gift from Trog
 26194 | Shoals:2 | Noticed a kraken
 26582 | Shoals:2 | Reached skill level 15 in Stealth
 26602 | Shoals:2 | Gained mutation: You are clumsy. (Dex -2) [mutagenic glow]
 27192 | Shoals:3 | Received a gift from Trog
 27192 | Shoals:3 | Reached XP level 17. HP: 70/91 MP: 28/28
 27686 | Shoals:4 | Entered Level 4 of the Shoals
 27768 | Shoals:4 | Received a gift from Trog
 27814 | Shoals:4 | Got a barnacled rune of Zot
 27977 | Shoals:4 | Identified the Papyrus of Boosting Air
 28045 | Shoals:4 | Noticed Ilsuiw
 28712 | Orc:1    | Entered Level 1 of the Orcish Mines
 28716 | Orc:1    | Found Vyutuc's Jewellery Shoppe.
 28913 | Orc:2    | Noticed Maurice
 28942 | Orc:2    | Received a gift from Trog
 28963 | Orc:2    | Killed Maurice
 29058 | Orc:2    | Noticed Harold
 29307 | Orc:3    | Received a gift from Trog
 29996 | Orc:3    | Found a roughly hewn altar of Beogh.
 30064 | Orc:3    | Received a gift from Trog
 30178 | Orc:4    | Entered Level 4 of the Orcish Mines
 30211 | Orc:4    | Received a gift from Trog
 30503 | Orc:4    | Found a staircase to the Elven Halls.
 30775 | Orc:4    | Found Cenley's Distillery.
 30775 | Orc:4    | Found Hacyjinn's Gadget Shoppe.
 30776 | Orc:4    | Found Gazakecomp's General Store.
 30776 | Orc:4    | Found Cofarat's Weapon Boutique.
 30795 | Orc:4    | Received a gift from Trog
 30858 | Orc:4    | Bought a wand of hasting (3) for 672 gold pieces
 31246 | Orc:2    | Killed Harold
 31459 | Elf:1    | Entered Level 1 of the Elven Halls
 31470 | Elf:1    | Received a gift from Trog
 31506 | Elf:1    | Reached skill level 16 in Stealth
 31511 | Elf:1    | Received a gift from Trog
 31897 | Elf:1    | Found a deep blue altar of Sif Muna.
 31915 | Elf:1    | Received a gift from Trog
 31951 | Elf:1    | Found Jiarph's Gadget Boutique.
 32116 | Elf:1    | Reached XP level 18. HP: 95/98 MP: 29/29
 32269 | Elf:1    | Paralysed by a giant eyeball for 3 turns
 32575 | Elf:2    | Received a gift from Trog
 32855 | Elf:2    | Reached skill level 17 in Stealth
 32956 | Elf:2    | Received a gift from Trog
 33194 | Elf:2    | Found a runed gate.
 33195 | Elf:2    | Found a runed gate.
 33198 | Elf:2    | Found a runed gate.
 33219 | Elf:3    | Entered Level 3 of the Elven Halls
 33342 | Elf:3    | Lost mutation: You are clumsy. (Dex -2) [potion of cure mutation]
 33357 | Elf:3    | Noticed Louise
 33364 | Elf:3    | Killed Louise
 33443 | Elf:3    | Received a gift from Trog
 33625 | Elf:3    | Received a gift from Trog
 33641 | Elf:3    | HP: 1/99 [demonic crawler[a deep elf summoner] (7)]
 34422 | Elf:3    | Received a gift from Trog
 34435 | Elf:3    | Noticed a Hell Sentinel
 34749 | Elf:3    | Reached skill level 18 in Stealth
 34884 | Elf:3    | Got a fine zirconium amulet
 35110 | Elf:3    | Reached XP level 19. HP: 104/104 MP: 30/30
 35134 | Elf:3    | Identified the amulet of the Prince of Darkness {Spirit MP+9} (You took it off a deep elf master archer on level 3 of the Elven Halls)
 35173 | Elf:3    | HP: 4/104 [deep elf blademaster/rapier (5)]
 35425 | Elf:3    | Received a gift from Trog
 35440 | Elf:3    | Identified the Handbook of Cloudy Companions (You found it on level 3 of the Elven Halls)
 35895 | Snake:1  | Entered Level 1 of the Snake Pit
 36210 | Snake:1  | Received a gift from Trog
 36968 | Snake:2  | Reached skill level 19 in Stealth
 37188 | Snake:2  | Reached skill level 1 in Armour
 37444 | Snake:2  | Found Napnu's Gadget Shoppe.
 37488 | Snake:2  | Received a gift from Trog
 37829 | Snake:2  | Received a gift from Trog
 38517 | Snake:3  | Reached skill level 5 in Armour
 38718 | Snake:3  | Reached XP level 20. HP: 94/109 MP: 32/32
 38772 | Snake:3  | Received a gift from Trog
 38794 | Snake:3  | Reached skill level 15 in Evocations
 39032 | Snake:4  | Entered Level 4 of the Snake Pit
 39666 | Snake:4  | Received a gift from Trog
 39944 | Snake:4  | Received a gift from Trog
 40119 | Snake:4  | Received a gift from Trog
 40332 | Snake:4  | HP: 3/109 [naga sharpshooter/bolt (10)]
 40333 | Snake:4  | Shot with a bolt by a naga sharpshooter

Action                   |  1- 3 |  4- 6 |  7- 9 | 10-12 | 13-15 | 16-18 | 19-21 || total
-------------------------+-------+-------+-------+-------+-------+-------+-------++-------
Melee: Dagger            |    71 |    75 |   369 |   872 |  1718 |       |       ||  3105
       Quick blade       |       |       |       |       |   505 |  2077 |  1003 ||  3585
       Rapier            |       |       |       |       |       |    19 |       ||    19
 Fire: Blowgun           |     4 |    12 |    46 |    73 |    40 |       |    20 ||   195
Throw: Javelin           |       |       |       |     1 |       |    76 |    10 ||    87
       Throwing net      |       |       |       |       |       |    16 |     8 ||    24
Invok: Berserk           |       |       |     1 |    10 |    19 |     4 |    10 ||    44
       Burn Spellbooks   |       |       |       |     2 |     4 |     1 |       ||     7
       Trog's Hand       |       |       |       |     1 |     5 |     7 |     9 ||    22
       Brothers in Arms  |       |       |       |       |       |       |     1 ||     1
 Abil: Evoke Invisibilit |       |       |       |     1 |     6 |    21 |     1 ||    29
       Evoke Flight      |       |       |       |       |       |       |     1 ||     1
Evoke: Wand              |       |       |       |     3 |    10 |     7 |     3 ||    23
       Fan of gales      |       |       |       |       |       |     2 |     1 ||     3
       Lamp of fire      |       |       |       |       |       |       |     3 ||     3
       Disc of storms    |       |       |       |       |       |       |     2 ||     2
  Use: Scroll            |       |       |    17 |    13 |     9 |     9 |     5 ||    53
       Potion            |       |       |     1 |       |       |     3 |     3 ||     7
 Stab: Sleeping          |     7 |     7 |    45 |    37 |    59 |    83 |    31 ||   269
       Distracted        |       |     1 |     3 |     4 |     9 |     5 |     6 ||    28
       Invisible         |       |       |       |     3 |    32 |   114 |       ||   149
       Confused          |       |       |       |     1 |       |     5 |       ||     6
       Held in net/web   |       |       |       |       |       |    11 |     5 ||    16
       Fleeing           |       |       |       |       |       |     1 |       ||     1
       Paralysed         |       |       |       |       |       |       |     1 ||     1
  Eat: Chunk             |       |     3 |     5 |    27 |    46 |    30 |     5 ||   116
       Meat ration       |       |       |     2 |       |     1 |     1 |     4 ||     8
       Beef jerky        |       |       |       |     2 |     1 |     3 |       ||     6
       Fruit             |       |       |       |       |     2 |     1 |     4 ||     7
       Royal jelly       |       |       |       |       |     1 |     3 |       ||     4
       Pizza             |       |       |       |       |     1 |     4 |     1 ||     6
       Bread ration      |       |       |       |       |       |     1 |       ||     1
